 Dungeon Crawl Stone Soup version 0.18-a0-1026-ge317a7f (webtiles) character file.

32 Jmtri7 the Shield-Bearer (level 3, -5/29 HPs)
             Began as a Formicid Fighter on Jan 8, 2016.
             Slain by an ice beast (13 damage)
             ... on level 12 of the Dungeon.
             The game lasted 00:05:56 (780 turns).

Jmtri7 the Shield-Bearer (Formicid Fighter)          Turns: 780, Time: 00:05:57

Health: -5/29      AC:  8    Str: 21    XL:     3   Next: 42%
Magic:  3/3        EV:  7    Int:  7    God:
Gold:   49         SH:  9    Dex: 10    Spells: 0 memorised, 2 levels left

rFire  . . .     SeeInvis +     p - +3 trident
rCold  . . .     Gourm    .     b - +0 scale mail
rNeg   . . .     Faith    .     c - +0 shield
rPois  .         Spirit   .     (helmet unavailable)
rElec  .         Dismiss  .     (no cloak)
rCorr  .         Reflect  .     (no gloves)
SustAt .         Harm     .     i - +0 pair of boots
MR     .....                    (no amulet)
Stlth  ..........               (no ring)
                                e - ring of wizardry

@: not resistant to hostile enchantments, extremely unstealthy
A: permanent stasis, dig shafts and tunnels, four strong arms, antennae 3
a: Dig, Shaft Self


You were on level 12 of the Dungeon.
You were near starving.

You visited 1 branch of the dungeon, and saw 7 of its levels.

You collected 49 gold pieces.

Inventory:

Hand Weapons
 p - a +3 trident (weapon)
 q - a +0 war axe
Armour
 b - a +0 scale mail (worn)
 c - a +0 shield (worn)
 i - a +0 pair of boots (worn)
Jewellery
 e - a ring of wizardry (left hand)
Scrolls
 g - a scroll of noise {unknown}
 k - 2 scrolls of immolation {unknown}
 o - 2 scrolls of identify {unknown}
Potions
 a - a potion of poison {unknown}
 d - 2 potions of might
 l - 2 potions of curing {unknown}
 m - a potion of heal wounds {unknown}
 n - a potion of flight {unknown}
Comestibles
 f - a bread ration
 h - 4 chunks of flesh
 j - a slice of pizza


   Skills:
 - Level 3.2 Fighting
 * Level 3.6 Axes
 - Level 3.2 Armour
 - Level 3.6 Shields


You had 2 spell levels left.
You didn't know any spells.

Dungeon Overview and Level Annotations

Branches:
Dungeon (2/15)

Altars:


Innate Abilities, Weirdness & Mutations

You are under a permanent stasis effect.
You can dig through walls and to a lower floor.
Your four strong arms can wield two-handed weapons with a shield.
You have a pair of large antennae on your head (SInv).


Message History

An ice beast comes into view.
Found 19 bolts.
The ice beast barely misses you.
You closely miss the ice beast. You block the ice beast's attack.
The ice beast completely misses you.
You completely miss the ice beast. You block the ice beast's attack.
You closely miss the ice beast. The ice beast hits you.
The ice beast freezes you!
You closely miss the ice beast.
The ice beast hits you but does no damage.
You closely miss the ice beast. You block the ice beast's attack.
The ice beast hits you. The ice beast freezes you.
You closely miss the ice beast.
The ice beast hits you but does no damage.
You hit the ice beast.
The ice beast is lightly wounded.
The ice beast hits you.
* * * LOW HITPOINT WARNING * * *
The ice beast freezes you!
You die...

#.# #....####
#.#####........
#.....#.....###
#..##.#.......#
####..##.#...#.#.#
#....†.†.........#
#.##..#.##.......#
#.#.##..#.###.#.##.#
#.(.Y@.##.# #.#.##.#
##.###.##.# #.#.##.#
#.##.# #.#....#
#.##.# #.######
#.##.# #.# #.. #+
#.# .#


You could see an ice beast.

Vanquished Creatures
  An ooze (D:1)
  A giant gecko (D:1)
  An orc (D:12)
  3 bats (D:1)
  A giant cockroach (D:1)
  2 goblins (D:1)
  6 hobgoblins (D:1)
  A quokka (D:12)
  5 kobolds (D:1)
  A rat (D:1)
22 creatures vanquished.

Notes
Turn   | Place    | Note
--------------------------------------------------------------
     0 | D:1      | Jmtri7 the Formicid Fighter began the quest for the Orb.
     0 | D:1      | Reached XP level 1. HP: 18/18 MP: 1/1
   168 | D:1      | Reached XP level 2. HP: 17/24 MP: 2/2
   479 | D:1      | Reached XP level 3. HP: 29/29 MP: 3/3
   719 | D:2      | You fall through a shaft!
   723 | D:3      | You fall through a shaft for 3 floors!
   743 | D:6      | You fall through a shaft for 2 floors!
   746 | D:8      | You fall through a shaft for 2 floors!
   746 | D:10     | Entered Level 10 of the Dungeon
   749 | D:10     | You fall through a shaft for 2 floors!
   772 | D:12     | Noticed an ice beast
   780 | D:12     | Slain by an ice beast

Vault maps used:
D:1:      minmay_arrival_wavy_path, minivault_4
D:2:      lightli_temple_of_fire, nicolae_dithmenos_through_a_glass_darkly,
          uniq_iyjb, uniq_natasha, uniq_terence, uniq_crazy_yiuf_cottage
D:10:     grunt_livestock
D:12:     minmay_stone_trees_small

Action                   || total
-------------------------++-------
Melee: War axe           ||    74
       Trident           ||     7
 Abil: Shaft Self        ||     5
       Dig               ||     4
